AoeStats
← Freesia

Arena

509413485Analyzed
1v1 RM · 6d ago on Sep 26, 2026· 30m 18s· 2 players
Game mode
Random Map
Map size
Tiny (2 player)
Population
200
Speed
Normal
Resources
Standard
Victory
Conquest
Starting age
Dark Age
Ending age
Imperial Age
RankedLock teamsTeams togetherTeam positionsShared explorationLock speedFull tech treeHidden civsTurbo modeCheats
Victory
Defeat
🇪🇸 Spanish · Spain
1008
+16
🇲🇽 Vietnamese · Mexico
1000
-48
Freesia
0:50 Loom
1:43 Loom
10:11 Feudal Age
12:30 Wheelbarrow
12:54 Double-Bit Axe
13:16 Horse Collar
13:52 Gold Mining
21:45 Padded Archer Armor
21:41 Fletching
24:11 Bloodlines
kevescalaya
8:08 Loom
10:37 Feudal Age
14:22 Castle Age
12:37 Double-Bit Axe
12:51 Horse Collar
19:54 Loom
21:25 Wheelbarrow
21:38 Bow Saw
21:21 Stone Mining
21:52 Gold Mining
23:28 Heavy Plow
26:24 Town Watch
26:57 Hand Cart
29:51 Imperial Age
28:24 Scale Barding Armor
28:31 Forging
29:18 Bloodlines
29:09 Husbandry
29:36 Chain Barding Armor
31:02 Iron Casting
30:17 Cavalier
Connection lost

Rejoining the realm…

Still unreachable

The connection could not be restored.

Session expired

The server has moved on; the page needs a fresh start.